 Dungeon Crawl Stone Soup version 0.30-a0-187-gd9c2deaf24 (webtiles) character file.

Game seed: 6568295602377759920

35403 funkygono the Thaumaturge (level 13, 0/72 HPs)
             Began as a Gargoyle Earth Elementalist on Oct 3, 2022.
             Was a High Priest of Vehumet.
             Slain by a swamp worm (5 damage)
             ... in a Gauntlet.
             The game lasted 00:42:14 (20884 turns).

funkygono the Thaumaturge (GrEE)                   Turns: 20884, Time: 00:42:15

Health: 0/72       AC: 22    Str: 13    XL:     13   Next: 83%
Magic:  19/29      EV: 14    Int: 20    God:    Vehumet [*****.]
Gold:   974        SH:  0    Dex: 16    Spells: 11/36 levels left

rFire   . . .      SeeInvis +    d - +7 mace (drain)
rCold   . . .      Faith    .    (no shield)
rNeg    + . .      Spirit   .    w - +1 steam dragon scales
rPois   ∞          Reflect  .    F - +2 helmet
rElec   +          Harm     .    e - +1 cloak
rCorr   .          Rampage  .    B - +1 pair of gloves
Will    .....      NoTele   +    (no boots)
Stlth   ++........               r - amulet of regeneration
HPRegen 1.12/turn                E - ring of see invisible
MPRegen 0.21/turn                a - +6 ring of dexterity

@: studying Ranged Weapons
A: sickness immunity, AC +9, negative energy resistance 1, electricity
resistance, torment resistance 1, petrification resistance
a: Renounce Religion


You were in a Gauntlet.
You worshipped Vehumet.
Vehumet was extremely pleased with you.
You visited 3 branches of the dungeon, and saw 18 of its levels.
You also visited: Bailey and Gauntlet.

You collected 1520 gold pieces.
You spent 546 gold pieces at shops.

Inventory:

Hand Weapons
 b - a +1 whip of flaming
 d - a +7 mace of draining (weapon)
 H - the +12 pair of quick blades "Gyre" and "Gimble" {protect}
   (You found it on level 4 of the Lair of Beasts)

   It grants its wielder temporary protection when it strikes (+7 to AC).
Armour
 c - a +1 cloak
 e - a +1 cloak (worn)
 w - +1 steam dragon scales (worn)
 B - a +1 pair of gloves (worn)
 D - the +4 ring mail of Temperance {Str+2 Slay+2}
   (You found it on level 7 of the Dungeon)

   Str:       It affects your strength (+2).
   Slay:      It affects your accuracy & damage with ranged weapons and melee
   (+2).
 F - a +2 helmet (worn)
Magical Staves
 M - a staff of death
Jewellery
 a - a +6 ring of dexterity (right hand)
 r - an amulet of regeneration (around neck)
 y - a ring of protection from fire
 E - a ring of see invisible (left hand)
 J - a +6 ring of intelligence
 K - an amulet of reflection
Wands
 m - a wand of polymorph (12)
 C - a wand of charming (16)
 I - a wand of roots (2)
Scrolls
 f - 3 scrolls of magic mapping
 j - 4 scrolls of fear
 s - 5 scrolls of blinking
 u - 4 scrolls of teleportation
 x - 4 scrolls of poison
 L - a scroll of silence
 N - a scroll of fog
Potions
 g - a potion of ambrosia {unknown}
 h - 5 potions of haste
 i - 3 potions of flight
 k - 2 potions of heal wounds
 l - 3 potions of brilliance
 n - 4 potions of mutation
 o - 2 potions of resistance {unknown}
 p - 7 potions of curing
 q - 3 potions of cancellation
 t - 2 potions of berserk rage {unknown}
 v - 4 potions of might
 z - 3 potions of magic
 A - a potion of degeneration {unknown}
 G - 3 potions of attraction


   Skills:
 + Level 5.0 Fighting
 + Level 6.6 Maces & Flails
 + Level 5.6 Dodging
 - Level 2.1 Stealth
 + Level 12.0 Spellcasting
 + Level 11.6 Conjurations
 + Level 0.1 Translocations
 + Level 0.7 Transmutations
 + Level 9.0 Fire Magic
 + Level 11.8 Earth Magic
 + Level 0.1 Evocations


You had 11 spell levels left.
You knew the following spells:

 Your Spells              Type           Power      Damage    Failure   Level
a - Foxfire               Conj/Fire      100%       2x1d9     1%          1
b - Scorch                Fire           96%        2d10      1%          2
c - Blink                 Tloc           24%        N/A       8%          2
d - Fireball              Conj/Fire      26%        3d12      1%          5
e - Sandblast             Erth           100%       2d20      1%          1
f - Stone Arrow           Conj/Erth      100%       3d13      1%          3
g - Passwall              Tmut/Erth      30%        N/A       1%          2
h - Lee's Rapid Deconstr  Erth           28%        3d16*     1%          5
i - Sticky Flame          Conj/Fire      52%        2d7       1%          4

Your spell library contained the following spells:

 Spells                   Type           Power      Damage    Failure   Level
 Yara's Violent Unravell  Hex/Tmut       6%         3d5       32%         5
 Momentum Strike          Conj/Tloc      70%        3d9       1%          2
 Irradiate                Conj/Tmut      18%        3d17      3%          5
 Starburst                Conj/Fire      26%        6d8       3%          6
 Petrify                  Tmut/Erth      37%        N/A       4%          4
 Ensorcelled Hibernation  Hex/Ice        24%        N/A       9%          2
 Spider Form              Tmut/Pois      13%        N/A       14%         3
 Gell's Gravitas          Tloc           12%        N/A       16%         3
 Lesser Beckoning         Tloc           24%        N/A       16%         3
 Portal Projectile        Hex/Tloc       24%        N/A       16%         3
 Teleport Other           Tloc           12%        N/A       16%         3
 Tukima's Dance           Hex            12%        N/A       17%         3
 Anguish                  Hex/Necr       6%         N/A       50%         4
 Cause Fear               Hex            6%         N/A       50%         4
 Dispel Undead            Necr           12%        3d9       50%         4
 Summon Lightning Spire   Summ/Air       12%        N/A       50%         4
 Blade Hands              Tmut           7%         N/A       75%         5
 Death Channel            Necr           6%         N/A       100%        6
 Dragon Form              Tmut           7%         N/A       100%        7
 Storm Form               Tmut/Air       6%         N/A       100%        7
 Maxwell's Capacitive Co  Air            6%         ∞         100%        8
 Dragon's Call            Summ           6%         N/A       100%        9
 Cigotuvi's Dreadful Rot  Necr/Pois/Air  Unusable   N/A       N/A         2
 Sublimation of Blood     Necr           Unusable   N/A       N/A         2

Dungeon Overview and Level Annotations

Branches:
Dungeon (12/15)            Temple (1/1) D:5            Lair (5/5) D:11
 Shoals (0/4) Lair:3       Spider (0/4) Lair:3        Slime (0/5) Lair:4
    Orc (0/2) D:9          Bailey (visited)         Gauntlet (1/1)

Altars:
Ashenzari
Cheibriados
Dithmenos
Elyvilon
Fedhas
Gozag
Hepliaklqana
Kikubaaqudgha
Makhleb
Nemelex Xobeh
Okawaru
Qazlal
Ru
Sif Muna
Trog
Uskayaw
Vehumet
Wu Jian
Xom
Yredelemnul
Zin
The Shining One
Jiyva

Shops:
D:4 *   D:7 =   D:11 ?!   D:12 [

Annotations:
Lair:3 1 runed translucent door, Hifruza's ghost, journeyman DEIE Gauntlet 11 transporters, 21 runed translucent doors


Innate Abilities, Weirdness & Mutations

You are immune to sickness and miasma.
Your stone body is resilient. (AC +9)
You are immune to poison.
You resist negative energy. (rN+)
You are resistant to electric shocks. (rElec)
You are resistant to unholy torment.
You are immune to petrification.


Message History

The swamp worm bites you but does no damage.
Casting: Foxfire (safe; 1% risk of failure)
Confirm with . or Enter, or press ? or * to list all spells.
You conjure some foxfire!
The foxfire hits the swamp worm.
The swamp worm is lightly wounded.
The foxfire hits the swamp worm!
The swamp worm is moderately wounded.
The swamp worm bites you but does no damage.
The swamp worm misses you. The swamp worm bites you. x2
The swamp worm bites you but does no damage.
Casting: Foxfire (safe; 1% risk of failure)
Confirm with . or Enter, or press ? or * to list all spells.
Aiming: Stone Arrow (safe; 1% risk of failure)
Press: ? - help, Shift-Dir - straight line, f - swamp worm
Aim: a swamp worm (moderately wounded, 72% to hit)
The stone arrow hits the swamp worm!
The swamp worm is heavily wounded.
The foxfire hits the swamp worm.
The swamp worm is moderately wounded.
The foxfire hits the swamp worm!
The swamp worm is heavily wounded.
The swamp worm bites you but does no damage.
The swamp worm bites you! The swamp worm bites you!!
Casting: Stone Arrow (safe; 1% risk of failure)
Confirm with . or Enter, or press ? or * to list all spells.
Aiming: Stone Arrow (safe; 1% risk of failure)
Press: ? - help, Shift-Dir - straight line, f/p - swamp worm
Aim: a swamp worm (heavily wounded, 72% to hit)
The stone arrow misses the swamp worm.
The swamp worm bites you!
* * * LOW HITPOINT WARNING * * *
The swamp worm closely misses you. The swamp worm bites you!
* * * LOW HITPOINT WARNING * * *
Casting: Stone Arrow (safe; 1% risk of failure)
Confirm with . or Enter, or press ? or * to list all spells.
Aiming: Stone Arrow (safe; 1% risk of failure)
Press: ? - help, Shift-Dir - straight line, f/p - swamp worm
Aim: a swamp worm (heavily wounded, 72% to hit)
The stone arrow misses the swamp worm.
The swamp worm barely misses you. The swamp worm bites you.
You die...

######################
#§....................
###.....................
#8#..###########...#####
###..##.......##.8.#YY.^
#..#.#.....#.#...#Y.^#
###..#..#...#.[#####..#.
#8#..#w..#.#...#...#.#..
###.©#w@.©#...©#©.©##.©#
#..#.w.#.#...#...#.#..
###..#..#...#.?#####..#.
#8#..#.#.....#w#...#...#
###..##.......##...#...^
#..###########§..#####
###≈.............≈......
#8#∩...∩........≈8≈.....
###≈............§§......


You could see 3 swamp worms.

Vanquished Creatures
  2 vault guards (Bailey)
  Harold (D:11)
  A hydra (Lair:5)
  4 boulder beetles
  A catoblepas (Lair:3)
  Urug (D:10)
  Sonja (Lair:1)
  Lodul (D:11)
  An ugly thing (D:11)
  A cyclops (D:11)
  5 oklob plants
  Maurice (D:12)
  2 torpor snails
  6 cane toads
  A black mamba (Lair:4)
  A gargoyle (D:11)
  5 komodo dragons
  4 trolls
  A meliai (Lair:3)
  A polar bear (Lair:5)
  14 blink frogs
  Prince Ribbit (Bailey)
  A merfolk (Lair:3)
  7 humans
  2 wyverns
  A shadow (D:11)
  A vampire (D:12)
  3 fire bats (Lair:4)
  3 wraiths
  2 basilisks
  36 yaks
  Grum (D:9)
  A warg (D:9)
  2 steam dragons
  4 acid dragons
  11 water moccasins
  An ice beast (D:7)
  2 black bears
  4 orc warriors
  12 ogres
  19 wolves
  3 centaurs
  2 kobold brigands
  A scorpion (D:6)
  21 bullfrogs
  A gnoll sergeant (D:9)
  7 wights
  7 killer bees
  7 electric eels
  2 howler monkeys
  2 hounds
  6 orc priests
  A gnoll bouda (D:6)
  4 orc wizards
  8 hell rats (Lair:2)
  Robin (D:2)
  10 adders
  9 gnolls
  15 river rats (Lair:2)
  2 shadow imps
  A white imp (D:6)
  A worm (D:3)
  2 dart slugs
  23 orcs
  7 ball pythons
  6 bats
  5 endoplasms
  5 giant cockroaches
  19 goblins
  15 hobgoblins
  15 quokkas
  3 frilled lizards (D:1)
  14 kobolds
  14 rats
408 creatures vanquished.

Vanquished Creatures (collateral kills)
  9 foxfires
9 creatures vanquished.

Vanquished Creatures (others)
  773 foxfires
  18 fungi
  44 plants
835 creatures vanquished.

Grand Total: 1252 creatures vanquished

Notes
Turn   | Place    | Note
-------+----------+-------------------------------------------
     0 | D:1      | funkygono the Gargoyle Earth Elementalist began the quest
                  | for the Orb.
     0 | D:1      | Reached XP level 1. HP: 10/10 MP: 3/3
   160 | D:1      | Reached XP level 2. HP: 15/15 MP: 3/5
   859 | D:1      | Reached XP level 3. HP: 19/19 MP: 4/6
   869 | D:1      | Learned a level 2 spell: Passwall
   878 | D:1      | Learned a level 3 spell: Stone Arrow
  1292 | D:2      | Reached skill level 5 in Earth Magic
  1452 | D:2      | Reached XP level 4. HP: 23/24 MP: 5/7
  1841 | D:2      | Noticed Robin
  1851 | D:2      | Killed Robin
  2300 | D:3      | Reached skill level 3 in Spellcasting
  2352 | D:3      | Found a faded altar of an unknown god.
  2543 | D:3      | Reached XP level 5. HP: 28/28 MP: 7/9
  2567 | D:3      | Found a broken altar of Ashenzari.
  2685 | D:3      | Learned a level 1 spell: Foxfire
  3447 | D:4      | Found Labeu's General Store.
  3453 | D:4      | Bought a scroll of enchant armour for 90 gold pieces
  3927 | D:5      | Entered Level 5 of the Dungeon
  3983 | D:5      | Found a staircase to the Ecumenical Temple.
  4027 | Temple   | Entered the Ecumenical Temple
  4045 | Temple   | Became a worshipper of Vehumet
  4210 | D:5      | Noticed an ogre
  4218 | D:5      | Killed an ogre
  4219 | D:5      | Reached skill level 4 in Spellcasting
  4219 | D:5      | Reached XP level 6. HP: 4/32 MP: 3/12
  4819 | D:5      | Noticed a black bear
  4825 | D:5      | Killed a black bear
  4826 | D:5      | Reached skill level 1 in Conjurations
  4826 | D:5      | Reached skill level 1 in Fire Magic
  4826 | D:5      | Reached XP level 7. HP: 32/36 MP: 9/14
  5320 | D:6      | Reached skill level 5 in Spellcasting
  5601 | D:6      | Reached skill level 1 in Maces & Flails
  5601 | D:6      | Reached XP level 8. HP: 42/42 MP: 10/16
  5846 | D:6      | Reached skill level 6 in Spellcasting
  6607 | D:6      | Learned a level 5 spell: Fireball
  6610 | D:6      | Learned a level 2 spell: Blink
  6750 | D:7      | Found Saczail's Jewellery Shop.
  6860 | D:7      | Reached * piety under Vehumet
  6860 | D:7      | Offered knowledge of Freeze by Vehumet.
  7265 | D:7      | Reached XP level 9. HP: 46/46 MP: 11/19
  7349 | D:7      | Identified the +4 ring mail of Temperance {Str+2 Slay+2}
  7552 | D:7      | Reached skill level 1 in Fighting
  7552 | D:7      | Reached skill level 7 in Spellcasting
  8328 | D:8      | Found a flagged portal.
  8391 | Bailey   | Entered a bailey
  8659 | Bailey   | Noticed Prince Ribbit
  8666 | Bailey   | Killed Prince Ribbit
  8666 | Bailey   | Reached ** piety under Vehumet
  8667 | Bailey   | Reached skill level 5 in Conjurations
  8796 | Bailey   | Noticed a vault guard
  8806 | Bailey   | Killed a vault guard
  8807 | Bailey   | Reached skill level 8 in Spellcasting
  8807 | Bailey   | Reached skill level 5 in Fire Magic
  8807 | Bailey   | Reached XP level 10. HP: 19/53 MP: 17/22
  8849 | Bailey   | Noticed a vault guard
  8891 | Bailey   | Offered knowledge of Kiss of Death by Vehumet.
  9092 | Bailey   | Killed a vault guard
  9988 | D:8      | Found a hazy altar of Hepliaklqana.
 10399 | D:9      | Offered knowledge of Scorch by Vehumet.
 10532 | D:9      | Noticed Grum
 10549 | D:9      | Killed Grum
 10723 | D:9      | Reached skill level 9 in Spellcasting
 10741 | D:9      | Reached XP level 11. HP: 51/57 MP: 7/24
 10743 | D:9      | Reached skill level 10 in Earth Magic
 10787 | D:9      | Reached *** piety under Vehumet
 11086 | D:9      | Found a staircase to the Orcish Mines.
 11502 | D:9      | Learned a level 2 spell: Scorch
 11656 | D:7      | Bought a ring of see invisible for 210 gold pieces
 11744 | D:10     | Entered Level 10 of the Dungeon
 11848 | D:10     | Noticed Urug
 11861 | D:10     | Killed Urug
 11994 | D:10     | Found a white marble altar of Elyvilon.
 11994 | D:10     | Found a shimmering blue altar of Sif Muna.
 11994 | D:10     | Found a snail-covered altar of Cheibriados.
 12000 | D:10     | Found an ornate altar of the Wu Jian Council.
 12002 | D:10     | Found an ancient bone altar of Kikubaaqudgha.
 12003 | D:10     | Found a burning altar of Makhleb.
 12027 | D:10     | Found an opulent altar of Gozag.
 12031 | D:10     | Found a basalt altar of Yredelemnul.
 12032 | D:10     | Found a shimmering altar of Xom.
 12219 | D:10     | Offered knowledge of Inner Flame by Vehumet.
 12642 | D:11     | Noticed a boulder beetle
 12648 | D:11     | Killed a boulder beetle
 12724 | D:11     | Found Kesehig's Distillery.
 12851 | D:11     | Found Baomiyxt's Magic Scroll Shop.
 12854 | D:11     | Bought a scroll of enchant weapon for 82 gold pieces
 12854 | D:11     | Bought a scroll of enchant weapon for 82 gold pieces
 12854 | D:11     | Bought a scroll of enchant weapon for 82 gold pieces
 12934 | D:11     | Noticed a cyclops
 12940 | D:11     | Killed a cyclops
 13284 | D:11     | Noticed an oklob plant
 13284 | D:11     | Noticed an oklob plant
 13291 | D:11     | Killed an oklob plant
 13427 | D:11     | Found a staircase to the Lair.
 13432 | D:11     | Killed an oklob plant
 13622 | D:11     | Reached skill level 10 in Spellcasting
 13849 | D:11     | Noticed Harold
 13859 | D:11     | Killed Harold
 13860 | D:11     | Reached XP level 12. HP: 64/64 MP: 5/26
 14261 | D:12     | Noticed a boulder beetle
 14272 | D:12     | Killed a boulder beetle
 14337 | D:12     | Noticed a boulder beetle
 14354 | D:12     | Killed a boulder beetle
 14439 | D:12     | Found Foemp's Antique Armour Shop.
 14440 | D:12     | Noticed Lodul
 14659 | D:11     | Killed Lodul
 14734 | D:12     | Reached skill level 10 in Conjurations
 15122 | D:12     | Noticed Maurice
 15126 | D:12     | Killed Maurice
 15450 | Lair:1   | Entered Level 1 of the Lair of Beasts
 15503 | Lair:1   | Noticed Sonja
 15594 | Lair:1   | Killed Sonja
 15596 | Lair:1   | Reached **** piety under Vehumet
 15774 | Lair:1   | Offered knowledge of Lee's Rapid Deconstruction by Vehumet.
 16115 | Lair:1   | Reached skill level 11 in Spellcasting
 16552 | Lair:1   | Learned a level 5 spell: Lee's Rapid Deconstruction
 16924 | Lair:2   | Reached XP level 13. HP: 40/69 MP: 22/28
 16946 | Lair:2   | Reached skill level 5 in Dodging
 17068 | Lair:2   | Reached skill level 5 in Maces & Flails
 17293 | Lair:2   | Reached ***** piety under Vehumet
 17293 | Lair:2   | Offered knowledge of Sticky Flame by Vehumet.
 17571 | Lair:2   | Found a hide-covered altar of Uskayaw.
 17580 | Lair:2   | You fall into a shaft and drop 2 floors!
 17658 | Lair:3   | Found a runed translucent door.
 17659 | Lair:3   | Noticed Hifruza's ghost (journeyman DEIE)
 17659 | Lair:3   | Identified the +6 spear of Attainder {venom, rPois rC+}
 17993 | Lair:3   | Found a hide-covered altar of Uskayaw.
 17993 | Lair:3   | Found an ornate altar of the Wu Jian Council.
 18302 | Lair:3   | Found a hole to the Spider Nest.
 18518 | Lair:3   | Found a staircase to the Shoals.
 19146 | Lair:2   | Learned a level 4 spell: Sticky Flame
 19276 | Lair:4   | Found the +12 pair of quick blades "Gyre" and "Gimble"
                  | {protect}
 20066 | Lair:4   | Found a viscous altar of Jiyva.
 20068 | Lair:4   | Found a staircase to the Slime Pits.
 20375 | Lair:5   | Entered Level 5 of the Lair of Beasts
 20403 | Lair:5   | Reached skill level 12 in Spellcasting
 20466 | Lair:5   | Offered knowledge of Yara's Violent Unravelling by Vehumet.
 20541 | Lair:5   | Found a gate leading to a gauntlet.
 20554 | Lair:5   | Reached skill level 5 in Fighting
 20557 | Gauntlet | Entered a Gauntlet
 20557 | Gauntlet | Found a transporter.
 20557 | Gauntlet | Found a transporter.
 20557 | Gauntlet | Found a transporter.
 20653 | Gauntlet | Found a transporter.
 20656 | Gauntlet | Found a transporter.
 20657 | Gauntlet | Found a transporter.
 20658 | Gauntlet | Found a large runed translucent door.
 20659 | Gauntlet | Found a large runed translucent door.
 20660 | Gauntlet | Found a large runed translucent door.
 20660 | Gauntlet | Found a large runed translucent door.
 20660 | Gauntlet | Found a runed translucent door.
 20660 | Gauntlet | Noticed a dire elephant
 20661 | Gauntlet | Found a large runed translucent door.
 20662 | Gauntlet | Found a large runed translucent door.
 20663 | Gauntlet | Found a large runed translucent door.
 20663 | Gauntlet | Found a large runed translucent door.
 20664 | Gauntlet | Found a runed translucent gate.
 20669 | Gauntlet | Found a runed translucent gate.
 20669 | Gauntlet | Found a transporter.
 20669 | Gauntlet | Found a transporter.
 20670 | Gauntlet | Found a transporter.
 20670 | Gauntlet | Found a runed translucent gate.
 20670 | Gauntlet | Found a runed translucent door.
 20674 | Gauntlet | Found a transporter.
 20681 | Gauntlet | Found a transporter.
 20687 | Gauntlet | Found a transporter.
 20713 | Gauntlet | Found a large runed translucent door.
 20713 | Gauntlet | Found a large runed translucent door.
 20714 | Gauntlet | Found a large runed translucent door.
 20715 | Gauntlet | Found a large runed translucent door.
 20716 | Gauntlet | Found a large runed translucent door.
 20716 | Gauntlet | Found a large runed translucent door.
 20717 | Gauntlet | Found a large runed translucent door.
 20718 | Gauntlet | Found a large runed translucent door.
 20884 | Gauntlet | Slain by a swamp worm

Illustrated notes

Levels and vault maps discovered:
D:1:      dpeg_arrival_ternary, layout_loops_corners,
          chequers_serial_rivers_small_b
D:2:      layout_loops_ring, uniq_robin
D:3:      layout_basic, cheibrodos_ashenzari_chains,
          nicolae_ecumenical_oubliette
D:4:      layout_basic, serial_shops, nicolae_shop_stone
D:5:      layout_loops_corners, temple_pool_b, solitary_fountain
D:6:      layout_layer_cave
D:7:      layout_layer_cave, serial_shops, shop
D:8:      layout_basic, nicolae_hepliaklqana_hippocampus, enter_bailey_5,
          chequers_big_river, grunt_decor_mini_mirrors, chequers_arboretum,
          chequers_serial_rivers_small_b, minmay_manual_mares
D:9:      layout_rooms, erik_orc_4, uniq_grum
D:10:     layout_cave_pools, nicolae_overflow_hallway_of_the_gods, uniq_urug
D:11:     layout_stronghold, dpeg_oklobed_lair, serial_shops,
          nicolae_shop_behind_doors, nicolae_stop_n_shop_1,
          kennysheep_generic_room_13, uniq_harold
D:12:     layout_basic, serial_shops, nicolae_diamond_shop,
          dreamdust_princess_corridor, uniq_maurice, uniq_lodul
Temple:   chequers_temple_sunken
Lair:1:   layout_chaotic_city, uniq_sonja
Lair:2:   lemuel_ratsnest, layout_chaotic_city, basic_altar
Lair:3:   layout_long_grid, elwin_shoals_entry_rooms,
          hellmonk_spider_entry_not_the_bees, ebering_ghost_funeral_grove,
          nzn_masters_of_martial_movement
Lair:4:   layout_concentric_octagons, minmay_slime_entry_oklob_enclosed,
          nicolae_volcano_entry_batcave, serial_bayou_shore_b
Lair:5:   hangedman_lair_caniforms_friends, layout_small_grid,
          gauntlet_entry_generic, lemuel_fruit_tree, grunt_megastairs_1,
          uniq_josephine
Gauntlet: gammafunk_gauntlet_hard_choice [gammafunk_gauntlet_arena_corners,
          nicolae_gauntlet_arena_x, minmay_gauntlet_arena_make_your_own_arena,
          gammafunk_gauntlet_arena_arrow_garden, nicolae_gauntlet_arena_blocks,
          nicolae_gauntlet_arena_quarters,
          nicolae_gauntlet_exit_dead_adventurers]

Skill      XL: |  1  2  3  4  5  6  7  8  9 10 11 12 13 |
---------------+----------------------------------------+-----
Earth Magic    | 4 5 6 7 8 9 10 11 | 11.8
Spellcasting   | 3 4 5 6 8 9 10 11 12 | 12.0
Conjurations   | 1 3 5 7 9 10 11 | 11.6
Fire Magic     | 1 2 3 5 6 7 8 9 |  9.0
Dodging        | 2 3 4 5 |  5.6
Maces & Flails | 1 3 4 6 |  6.6
Fighting       | 1 2 3 5 |  5.0
Stealth        | |  2.1
Translocations | |  0.1
Transmutations | |  0.7
Evocations     | |  0.1

Action                   |  1- 3 |  4- 6 |  7- 9 | 10-12 | 13-15 || total
-------------------------+-------+-------+-------+-------+-------++-------
Melee: Mace              |    11 |    26 |    35 |   150 |   262 ||   484
       Punch             |     1 |       |       |     2 |     4 ||     7
 Cast: Sandblast         |    39 |    68 |    43 |    26 |     5 ||   181
       Foxfire           |       |    14 |   120 |   215 |   106 ||   455
       Stone Arrow       |       |       |    31 |   151 |    81 ||   263
       Fireball          |       |       |       |    45 |     6 ||    51
       Scorch            |       |       |       |    10 |     2 ||    12
       Blink             |       |       |       |       |     2 ||     2
       Sticky Flame      |       |       |       |       |     2 ||     2
Evoke: Wand              |       |       |       |     3 |       ||     3
  Use: Scroll            |     3 |    10 |     6 |     9 |     7 ||    35
       Potion            |       |       |     4 |       |       ||     4
 Stab: Distracted        |       |       |       |     1 |       ||     1
       Sleeping          |       |       |       |       |     1 ||     1
Armor: Robe              |     8 |    20 |    28 |       |       ||    56
       Steam dragon scal |       |       |    24 |   175 |   175 ||   374
Dodge: Dodged            |    14 |    32 |   100 |   299 |   266 ||   711

Table legend: (Time is in decaauts)
 A = Elapsed time spent in this place.
 B = Non-inter-level travel time spent in this place.
 C = Inter-level travel time spent in this place.
 D = Time resting spent in this place.
 E = Time spent auto-exploring this place.
 F = Levels seen in this place.
 G = Mean time per level.
                   A        B        C        D        E       F      G
               +--------+--------+--------+--------+--------+-----+--------+
         Total |  21178 |  20449 |    729 |   1675 |  15098 |  20 | 1058.9 |
       Dungeon |  14690 |  14123 |    567 |    893 |  11258 |  12 | 1224.2 |
        Temple |    205 |    174 |     31 |      0 |    159 |   1 |  205.0 |
          Lair |   5127 |   4997 |    130 |    254 |   3576 |   5 | 1025.4 |
        Bailey |    827 |    827 |      0 |    433 |    103 |   1 |  827.0 |
      Gauntlet |    326 |    326 |      0 |     95 |      0 |   1 |  326.0 |
               +--------+--------+--------+--------+--------+-----+--------+

Top non-repeatable levels by time:
    D:11: 1981 daAuts
     D:7: 1854 daAuts
     D:6: 1444 daAuts
  Lair:2: 1443 daAuts
     D:9: 1283 daAuts
     D:1: 1278 daAuts
  Lair:4: 1218 daAuts
  Lair:3: 1211 daAuts
     D:8: 1193 daAuts
     D:5: 1131 daAuts
  Lair:1: 1059 daAuts
     D:2: 1016 daAuts
     D:4: 982 daAuts
    D:12: 921 daAuts
    D:10: 894 daAuts
